 Dungeon Crawl Stone Soup version 0.19.0-18-g426998a (webtiles) character file.

351 Jerry the Covered (level 6, -1/50 HPs)
             Began as a Demigod Fighter on Nov 12, 2016.
             Slain by a gnoll (6 damage)
             ... on level 3 of the Dungeon.
             The game lasted 00:07:29 (2629 turns).

Jerry the Covered (Demigod Fighter)                 Turns: 2629, Time: 00:07:29

Health: -1/50      AC:  8    Str: 24    XL:     6   Next: 11%
Magic:  8/8        EV: 11    Int: 16    God:
Gold:   137        SH:  0    Dex: 15    Spells: 1 memorised, 3 levels left

rFire  . . .     SeeInvis .     a - +0 long sword
rCold  . . .     Gourm    .     b - +0 scale mail
rNeg   . . .     Faith    .     (no shield)
rPois  .         Spirit   .     h - +0 helmet
rElec  .         Reflect  .     (no cloak)
rCorr  .         Harm     .     (no gloves)
MR     .....                    (no boots)
Stlth  ..........               (no amulet)
                                (no ring)
                                (no ring)

@: mighty
A: high mp 1
a: no special abilities


You were on level 3 of the Dungeon.
You were not hungry.

You visited 1 branch of the dungeon, and saw 3 of its levels.

You collected 137 gold pieces.

Inventory:

Hand Weapons
 a - a +0 long sword (weapon)
Armour
 b - a +0 scale mail (worn)
 c - a +0 shield
 h - a +0 helmet (worn)
Wands
 y - a wand of random effects (17/48)
Scrolls
 j - 5 scrolls of identify {unknown}
 l - 3 scrolls of remove curse {unknown}
 m - a scroll of noise {unknown}
 o - a scroll of fear {unknown}
 p - 2 scrolls of amnesia {unknown}
 q - 2 scrolls of recharging {unknown}
 r - a scroll of magic mapping {unknown}
 z - a scroll of enchant weapon {unknown}
Potions
 e - 2 potions of cancellation {unknown}
 g - a potion of heal wounds {unknown}
 n - a potion of invisibility {unknown}
 s - 2 potions of cure mutation {unknown}
 v - a potion of berserk rage {unknown}
 w - a potion of haste {unknown}
Books
 x - a book of Minor Magic

   Spells                             Type                      Level
   a - Magic Dart                     Conjuration                  1
   b - Blink                          Translocation                2
   c - Call Imp                       Summoning                    2
   d - Repel Missiles                 Charms/Air                   2
   e - Slow                           Hexes                        2
   f - Conjure Flame                  Conjuration/Fire             3
   g - Mephitic Cloud                 Conjuration/Poison/Air       3
Comestibles
 f - 5 bread rations
 i - a meat ration
 k - 4 fruits
 t - a beef jerky
 u - a royal jelly
 A - 4 chunks of flesh


   Skills:
 - Level 2.6 Fighting
 + Level 4.2 Long Blades
 + Level 4.5 Armour
 - Level 2.1 Dodging
 - Level 2.6 Shields


You had 3 spell levels left.
You knew the following spells:

 Your Spells              Type           Power        Failure   Level  Hunger
a - Blink                 Tloc           N/A          85%         2    ###....


Dungeon Overview and Level Annotations

Branches:
Dungeon (3/15)

Shops:
D:2 *


Innate Abilities, Weirdness & Mutations

You have an increased reservoir of magic. (+10% MP)


Message History

The gnoll is heavily wounded.
You closely miss the gnoll.
The gnoll is heavily wounded.
The gnoll hits you with a flail!
* * * LOW HITPOINT WARNING * * *
You closely miss the gnoll.
The gnoll is heavily wounded.
The gnoll closely misses you. The gnoll barely misses you.
You hit the gnoll.
The gnoll is severely wounded.
The gnoll closely misses you.
You riposte.
You closely miss the gnoll.
The gnoll is severely wounded.
The gnoll hits you.
* * * LOW HITPOINT WARNING * * *
You feel very mighty all of a sudden. The gnoll hits you but does no damage.
The gnoll barely misses you.
Your scale mail prevents you from hitting the gnoll.
The gnoll is severely wounded.
The gnoll hits you.
You die...

##).......#
#..######..#
##.##....##
#.#..#......#
#.##.#..#..##..#
#.##(#.....##..# ## ..
#.##.#......)..# ..
... .....##gg#..).## #
## #.#
#.##..#@.######..# #.#
#.# #.#.........# #.#
#.###.........###
#.###(.(.)......###
###.##.#.####.........
##.....###.#
#...##.#..#
###....##.#.## #..##
....# .......# #.#
...# ..#.(# ###...##
#.# #.#.. ## ..


You could see 2 gnolls.

Vanquished Creatures
  The ghost of Rrauwl the Shield-Bearer, an amateur HuFi of Makhleb (D:3)
  A hound (D:3)
  Natasha (thrice) (D:2)
  2 gnolls (D:3)
  3 adders
  2 worms (D:2)
  2 dart slugs (D:2)
  3 leopard geckos
  An orc (D:3)
  2 ball pythons
  4 giant cockroaches
  6 goblins
  5 hobgoblins
  2 quokkas
  5 bats
  2 frilled lizards
  9 kobolds
  4 rats
57 creatures vanquished.

Notes
Turn   | Place    | Note
-------+----------+-------------------------------------------
     0 | D:1      | Jerry the Demigod Fighter began the quest for the Orb.
     0 | D:1      | Reached XP level 1. HP: 18/18 MP: 3/3
   147 | D:1      | Reached XP level 2. HP: 19/25 MP: 4/4
   737 | D:2      | Found a snail-covered altar of Cheibriados.
   879 | D:2      | Reached skill level 1 in Dodging
   894 | D:2      | Reached XP level 3. HP: 26/30 MP: 5/5
  1484 | D:2      | Noticed Natasha
  1518 | D:2      | Killed Natasha
  1518 | D:2      | Reached XP level 4. HP: 32/37 MP: 6/6
  1579 | D:2      | Found Zin's Purification Station.
  1581 | D:2      | Found a glowing silver altar of Zin.
  1806 | D:2      | Noticed Natasha
  1811 | D:2      | Killed Natasha
  2008 | D:2      | Noticed Natasha
  2014 | D:2      | Killed Natasha
  2031 | D:3      | Noticed Rrauwl's ghost (amateur HuFi)
  2172 | D:3      | Killed Rrauwl's ghost
  2172 | D:3      | Reached XP level 5. HP: 31/42 MP: 7/7
  2224 | D:3      | Learned a level 2 spell: Blink
  2282 | D:3      | Reached XP level 6. HP: 49/50 MP: 8/8
  2629 | D:3      | Slain by a gnoll

Skill      XL: |  1  2  3  4 |
---------------+-------------+-----
Long Blades    | 2 3 4 |  4.2
Dodging        | 1 2 |  2.1
Armour         | 3 4 |  4.5
Fighting       | |  2.6
Shields        | |  2.6

Action                   |  1- 3 |  4- 6 || total
-------------------------+-------+-------++-------
Melee: Long sword        |    92 |   100 ||   192
  Use: Potion            |       |     2 ||     2
  Eat: Chunk             |     2 |     4 ||     6
Armor: Scale mail        |    40 |    47 ||    87
Dodge: Dodged            |    54 |    65 ||   119
       Rpst.: Long sword |    18 |    21 ||    39
